 Dungeon Crawl Stone Soup version 0.29.1-12-g30fa7ad0bf (webtiles) character file.

Game seed: 13472490589193954181

48 DildoBatman the Conjurer (level 4, 0/32 HPs)
             Began as a Formicid Conjurer on Jan 18, 2023.
             Constricted to death by a ball python (1 damage)
             ... on level 3 of the Dungeon.
             The game lasted 00:03:19 (1693 turns).

DildoBatman the Conjurer (Formicid Conjurer)        Turns: 1693, Time: 00:03:20

Health: 0/32       AC:  3    Str: 12    XL:     4   Next: 0%
Magic:  8/8        EV:  9    Int: 19    God:
Gold:   72         SH:  0    Dex: 12    Spells: 5/8 levels left

rFire   . . .      SeeInvis +   b - staff of conjuration
rCold   . . .      Faith    .   (no shield)
rNeg    . . .      Spirit   .   q - +0 robe
rPois   .          Reflect  .   (helmet unavailable)
rElec   .          Harm     .   (no cloak)
rCorr   .          Rampage  .   (no gloves)
Will    .....                   e - +0 pair of boots
Stlth   ++........              (no amulet)
HPRegen 0.10/turn               (no ring)
MPRegen 0.11/turn               (no ring)

@: constricted
A: permanent stasis, dig shafts and tunnels, antennae 3, four strong arms
a: Dig, Shaft Self


You were on level 3 of the Dungeon.
You visited 1 branch of the dungeon, and saw 3 of its levels.

You collected 72 gold pieces.

Inventory:

Hand Weapons
 a - a +0 spear
 h - a +0 club
 m - a +0 dagger
 w - a +0 short sword of venom
Missiles
 i - 24 stones
 j - 10 javelins
Armour
 e - a +0 pair of boots (worn)
 q - a +0 robe (worn)
Magical Staves
 b - a staff of conjuration (weapon)
Scrolls
 c - a scroll of blinking {unknown}
 d - a scroll of acquirement {unknown}
 l - a scroll of vulnerability {unknown}
 n - 3 scrolls of identify {unknown}
 o - 2 scrolls of enchant weapon {unknown}
 s - a scroll of noise {unknown}
 t - a scroll of teleportation {unknown}
 x - a scroll of silence {unknown}
Potions
 f - a potion of mutation {unknown}
 g - 2 potions of curing {unknown}
 k - 2 potions of haste {unknown}
 p - a potion of might {unknown}
 r - a potion of magic
 u - a potion of flight {unknown}
 v - a potion of attraction {unknown}


   Skills:
 * Level 1.3 Fighting
 * Level 1.5 Armour
 - Level 2.0 Dodging
 - Level 2.4 Stealth
 * Level 2.7 Spellcasting
 * Level 3.9 Conjurations


You had 5 spell levels left.
You knew the following spells:

 Your Spells              Type           Power      Damage    Failure   Level
a - Searing Ray           Conj           52%        2d6       4%          2
c - Magic Dart            Conj           100%       1d8       3%          1

Your spell library contained the following spells:

 Spells                   Type           Power      Damage    Failure   Level
 Dazzling Flash           Conj/Hex       30%        N/A       22%         3
 Fulminant Prism          Conj/Hex       7%         3d7       56%         4
 Iskenderun's Mystic Bla  Conj/Tloc      15%        2d5       56%         4


Dungeon Overview and Level Annotations

Branches:
Dungeon (2/15)

Altars:


Innate Abilities, Weirdness & Mutations

You cannot be hasted, slowed, berserked, paralysed or teleported.
You can dig through walls and to a lower floor.
You have a pair of large antennae on your head. (SInv)
Your four strong arms can wield two-handed weapons with a shield.


Message History

The ball python constricts you. What are your orders? t - Shout!
Orders for allies: a - Attack new target. r - Retreat! s - Stop attacking. g - Guard the area. f - Follow me.
Anything else - Cancel.
You shout for attention!
The ball python bites you but does no damage.
The ball python constricts you. What are your orders? t - Shout!
Orders for allies: a - Attack new target. r - Retreat! s - Stop attacking. g - Guard the area. f - Follow me.
Anything else - Cancel.
You shout for attention!
The ball python barely misses you. The ball python constricts you.
What are your orders? t - Shout!
Orders for allies: a - Attack new target. r - Retreat! s - Stop attacking. g - Guard the area. f - Follow me.
Anything else - Cancel.
You shout for attention!
The ball python closely misses you. The ball python constricts you.
What are your orders? t - Shout!
Orders for allies: a - Attack new target. r - Retreat! s - Stop attacking. g - Guard the area. f - Follow me.
Anything else - Cancel.
You shout for attention!
The ball python bites you. The ball python constricts you.
The ball python barely misses you. The ball python constricts you.
You die...

... .#. ... ...
.. ... .... ..
.... .....#.
.....
.....#.###.....
...............
...............
....(.S@#
..........#
......#.#.#
.#......#.#
....# ### #
.... .#. #


You could see a ball python.

Vanquished Creatures
  A worm (D:2)
  A dart slug (D:1)
  8 bats
  4 endoplasms
  2 goblins
  4 hobgoblins
  6 quokkas
  7 ball pythons
  2 frilled lizards (D:1)
  4 kobolds
  2 rats
41 creatures vanquished.

Notes
Turn   | Place    | Note
-------+----------+-------------------------------------------
     0 | D:1      | DildoBatman the Formicid Conjurer began the quest for the
                  | Orb.
     0 | D:1      | Reached XP level 1. HP: 13/13 MP: 3/3
   258 | D:1      | Reached XP level 2. HP: 15/20 MP: 1/5
   261 | D:1      | Learned a level 2 spell: Searing Ray
   620 | D:1      | Reached skill level 1 in Armour
   626 | D:1      | Reached skill level 1 in Fighting
   626 | D:1      | Reached XP level 3. HP: 26/26 MP: 1/6
   824 | D:1      | Found a faded altar of an unknown god.
  1631 | D:2      | Reached XP level 4. HP: 32/32 MP: 4/8
  1633 | D:2      | You fall into a shaft and drop 1 floor!
  1693 | D:3      | HP: 1/32 [ball python (1)]
  1693 | D:3      | Constricted to death by a ball python

Illustrated notes

Levels and vault maps discovered:
D:1:      wander_arrival_lonely_grave, layout_loops_ring,
          hellmonk_ecumenical_altar_pennies_from_heaven
D:2:      layout_basic
D:3:      layout_basic, uniq_terence, uniq_robin

Skill      XL: |  1  2 |
---------------+-------+-----
Dodging        | 2 |  2.0
Armour         | 1 |  1.5
Fighting       | 1 |  1.3
Stealth        | |  2.4
Spellcasting   | |  2.7
Conjurations   | |  3.9

Action                   |  1- 3 |  4- 6 || total
-------------------------+-------+-------++-------
Melee: Club              |    10 |       ||    10
       Punch             |     1 |       ||     1
       Spear             |    11 |       ||    11
       Dagger            |     2 |       ||     2
 Cast: Magic Dart        |    60 |       ||    60
       Searing Ray       |     4 |       ||     4
 Abil: Shaft Self        |       |     1 ||     1
Armor: Robe              |     9 |    16 ||    25
Dodge: Dodged            |    29 |    40 ||    69
